 Dungeon Crawl Stone Soup version 0.31-a0-971-g75a2e9a4b4 (webtiles) character file.

Game seed: 9222695057950129389

97 Arzdou the Chopper (level 4, -13/41 HPs)
             Began as a Gnoll Cinder Acolyte on Oct 28, 2023.
             Was a High Priest of Ignis.
             Killed by divine providence
             ... invoked by an orc priest
              (17 damage)
             ... on level 3 of the Dungeon.
             The game lasted 00:03:41 (2440 turns).

Arzdou the Chopper (Gnoll Cinder Acolyte)           Turns: 2440, Time: 00:03:42

Health: -13/41     AC:  5    Str: 14    XL:     4   Next: 68%
Magic:  1/8        EV: 11    Int: 21    God:    Ignis [*****.]
Gold:   127        SH:  0    Dex:  7    Spells: 7/9 levels left

rFire   + . .        a - -1 hand axe (flame)
rCold   . . .        (no shield)
rNeg    . . .        h - +0 leather armour
rPois   .            k - +0 helmet
rElec   .            (no cloak)
rCorr   .            e - +0 pair of gloves
SInv    .            (no boots)
Will    .....        (no amulet)
Stlth   +            l - +6 ring of intelligence
HPRegen 0.26/turn    (no ring)
MPRegen 0.11/turn

%: no passive effects
@: no status effects
A: fangs 1, strong nose, distributed training
a: Renounce Religion, Fiery Armour, Foxfire Swarm, Rising Flame


You were on level 3 of the Dungeon.
You worshipped Ignis.
Ignis was extremely pleased with you.
You visited 1 branch of the dungeon, and saw 3 of its levels.

You collected 127 gold pieces.

Inventory:

Hand Weapons
 a - a -1 hand axe of flaming (weapon)
Armour
 b - a +0 robe
 e - a +0 pair of gloves (worn)
 h - a +0 leather armour (worn)
 k - a +0 helmet (worn)
Jewellery
 l - a +6 ring of intelligence (left hand)
Scrolls
 d - 2 scrolls of revelation {unknown}
 i - a scroll of teleportation {unknown}
 m - a scroll of poison {unknown}
 n - a scroll of identify {unknown}
Potions
 c - a potion of lignification {unknown}
 f - a potion of mutation {unknown}
 g - 2 potions of brilliance {unknown}
 j - 4 potions of curing {unknown}


   Skills:
 + Level 6.6 Fighting
 + Level 1.2 Short Blades
 + Level 1.2 Long Blades
 + Level 6.6 Axes
 + Level 1.2 Maces & Flails
 + Level 1.2 Polearms
 + Level 1.2 Staves
 + Level 1.2 Ranged Weapons
 + Level 1.2 Throwing
 + Level 1.2 Armour
 + Level 1.2 Dodging
 + Level 1.2 Stealth
 + Level 1.2 Shields
 + Level 1.2 Unarmed Combat
 + Level 3.0 Spellcasting
 + Level 1.0 Conjurations
 + Level 1.0 Hexes
 + Level 1.0 Summonings
 + Level 1.0 Necromancy
 + Level 1.0 Translocations
 + Level 1.0 Transmutations
 + Level 5.5 Fire Magic
 + Level 1.0 Ice Magic
 + Level 1.0 Air Magic
 + Level 1.0 Earth Magic
 + Level 1.0 Poison Magic
 + Level 1.3 Invocations
 + Level 1.2 Evocations
 + Level 1.1 Shapeshifting


You had 7 spell levels left.
You knew the following spells:

 Your Spells              Type           Power      Damage    Failure   Level
a - Scorch                Fire           52%        2d7       2%          2

Your spell library contained the following spells:

 Spells                   Type           Power      Damage    Failure   Level
 Magic Dart               Conj           28%        1d4       11%         1
 Call Imp                 Summ           14%        N/A       16%         2
 Mephitic Cloud           Conj/Pois/Air  7%         N/A       32%         3
 Tukima's Dance           Hex            7%         N/A       32%         3
 Dimensional Bullseye     Hex/Tloc       3%         N/A       71%         4
 Iskenderun's Mystic Bla  Conj/Tloc      7%         2d4       71%         4


Dungeon Overview and Level Annotations

Branches:
Dungeon (3/15)

Altars:
Hepliaklqana


Innate Abilities, Weirdness & Mutations

You have very sharp teeth.
Your uncanny sense of smell can sniff out nearby items.
Your experience applies equally to all skills.


Message History

You barely resist.
You hit the orc priest but do no damage.
The orc priest is lightly wounded.
The orc priest hits you with a +0 club.
You hit the orc priest but do no damage.
The orc priest is lightly wounded.
The orc priest calls down the wrath of Beogh upon you.
Beogh smites you!
* * * LOW HITPOINT WARNING * * *
You hit the orc priest but do no damage.
The orc priest is lightly wounded.
The orc priest hits you with a +0 club.
* * * LOW HITPOINT WARNING * * *
You closely miss the orc priest.
The orc priest is lightly wounded.
The orc priest hits you with a +0 club.
* * * LOW HITPOINT WARNING * * *
You are too injured to fight recklessly!
Casting: Scorch (safe; 2% risk of failure)
Confirm with . or Enter, or press ? or * to list all spells.
Flames lash the orc priest but do no damage.
The orc priest looks satisfied for a moment.
Unknown command.
Unknown command.
You hit the orc priest but do no damage.
The orc priest is lightly wounded.
The orc priest closely misses you.
You hit the orc priest but do no damage.
The orc priest is lightly wounded.
The orc priest hits you with a +0 club.
* * * LOW HITPOINT WARNING * * *
You closely miss the orc priest.
The orc priest is lightly wounded.
The orc priest hits you with a +0 club.
* * * LOW HITPOINT WARNING * * *
You barely miss the orc priest.
The orc priest is lightly wounded.
The orc priest calls down the wrath of Beogh upon you.
Beogh smites you!
You die...

### #... #..)### .#
+...))# #.# #o# #.#
#@# #.# #.# #.# #.#
#.# #######.#####.#
..............#
#######.#####.########
#...............
#######.#######. #.#


You could see an orc priest.

Vanquished Creatures
  3 adders
  A gnoll (D:2)
  2 dart slugs (D:2)
  5 orcs
  A ball python (D:2)
  5 bats
  7 endoplasms
  4 giant cockroaches
  4 hobgoblins
  3 jackals (D:1)
  2 quokkas
  2 frilled lizards
  3 goblins
  5 kobolds
  3 rats
50 creatures vanquished.

Notes
Turn   | Place    | Note
-------+----------+-------------------------------------------
     0 | D:1      | Arzdou the Gnoll Cinder Acolyte began the quest for the
                  | Orb.
     0 | D:1      | Reached XP level 1. HP: 23/23 MP: 4/4
   150 | D:1      | Reached XP level 2. HP: 26/29 MP: 5/5
   157 | D:1      | Learned a level 2 spell: Scorch
   689 | D:1      | Reached XP level 3. HP: 35/35 MP: 4/7
  1262 | D:2      | Reached skill level 1 in Invocations
  1372 | D:2      | Reached skill level 1 in Short Blades
  1372 | D:2      | Reached skill level 1 in Long Blades
  1372 | D:2      | Reached skill level 1 in Maces & Flails
  1372 | D:2      | Reached skill level 1 in Polearms
  1372 | D:2      | Reached skill level 1 in Staves
  1372 | D:2      | Reached skill level 1 in Ranged Weapons
  1372 | D:2      | Reached skill level 1 in Throwing
  1372 | D:2      | Reached skill level 1 in Armour
  1372 | D:2      | Reached skill level 1 in Dodging
  1372 | D:2      | Reached skill level 1 in Stealth
  1372 | D:2      | Reached skill level 1 in Shields
  1372 | D:2      | Reached skill level 1 in Unarmed Combat
  1372 | D:2      | Reached skill level 1 in Evocations
  1464 | D:2      | Found a hazy altar of Hepliaklqana.
  1684 | D:2      | Reached skill level 1 in Shapeshifting
  1684 | D:2      | Reached XP level 4. HP: 38/41 MP: 3/8
  2293 | D:3      | Reached skill level 1 in Conjurations
  2293 | D:3      | Reached skill level 1 in Hexes
  2293 | D:3      | Reached skill level 1 in Summonings
  2293 | D:3      | Reached skill level 1 in Necromancy
  2293 | D:3      | Reached skill level 1 in Translocations
  2293 | D:3      | Reached skill level 1 in Transmutations
  2293 | D:3      | Reached skill level 1 in Ice Magic
  2293 | D:3      | Reached skill level 1 in Air Magic
  2293 | D:3      | Reached skill level 1 in Earth Magic
  2293 | D:3      | Reached skill level 1 in Poison Magic
  2440 | D:3      | Killed from afar by an orc priest

Illustrated notes

Levels and vault maps discovered:
D:1:      lemuel_arrival_hallway, layout_loops_ring
D:2:      layout_basic, basic_altar, minmay_tetromino_o2
D:3:      layout_basic, nicolae_overflow_hidden_temple,
          nicolae_overflow_squiral, uniq_terence

Skill      XL: |  1  2  3  4 |
---------------+-------------+-----
Invocations    | 1 |  1.3
Short Blades   | 1 |  1.2
Long Blades    | 1 |  1.2
Maces & Flails | 1 |  1.2
Polearms       | 1 |  1.2
Staves         | 1 |  1.2
Ranged Weapons | 1 |  1.2
Throwing       | 1 |  1.2
Armour         | 1 |  1.2
Dodging        | 1 |  1.2
Stealth        | 1 |  1.2
Shields        | 1 |  1.2
Unarmed Combat | 1 |  1.2
Evocations     | 1 |  1.2
Shapeshifting  | 1 |  1.1
Spellcasting   | 3 |  3.0
Conjurations   | 1 |  1.0
Hexes          | 1 |  1.0
Summonings     | 1 |  1.0
Necromancy     | 1 |  1.0
Translocations | 1 |  1.0
Transmutations | 1 |  1.0
Ice Magic      | 1 |  1.0
Air Magic      | 1 |  1.0
Earth Magic    | 1 |  1.0
Poison Magic   | 1 |  1.0
Fighting       | |  6.6
Axes           | |  6.6
Fire Magic     | |  5.5

Action                     |  1- 3 |  4- 6 || total
---------------------------+-------+-------++-------
  Melee: Hand axe          |    42 |    26 ||    68
         Bite              |     2 |     4 ||     6
   Cast: Scorch            |    34 |    14 ||    48
 Armour: Robe              |    21 |       ||    21
         Leather armour    |    16 |    11 ||    27
         Skin              |     1 |     2 ||     3
  Dodge: Dodged            |    33 |    11 ||    44

Table legend: (Time is in decaauts)
 A = Elapsed time spent in this place.
 B = Non-inter-level travel time spent in this place.
 C = Inter-level travel time spent in this place.
 D = Time resting spent in this place.
 E = Time spent auto-exploring this place.
 F = Levels seen in this place.
 G = Mean time per level.
                   A        B        C        D        E       F      G
               +--------+--------+--------+--------+--------+-----+--------+
         Total |   2436 |   2348 |     88 |      0 |   2046 |   3 |  812.0 |
       Dungeon |   2436 |   2348 |     88 |      0 |   2046 |   3 |  812.0 |
               +--------+--------+--------+--------+--------+-----+--------+

Top non-repeatable levels by time:
     D:2: 1158 daAuts
     D:1: 1128 daAuts
     D:3: 149 daAuts
